 Dungeon Crawl Stone Soup version 0.22-a0-571-g4a923d4b9e (webtiles) character file.

142 Lucibear the Skirmisher (level 5, 0/73 HPs)
             Began as a Naga Fighter on July 1, 2018.
             Killed from afar by an orc wizard (4 damage)
             ... with a magic dart
             ... on level 4 of the Dungeon.
             The game lasted 00:12:17 (1901 turns).

Lucibear the Skirmisher (Naga Fighter)              Turns: 1901, Time: 00:12:17

Health: 0/73       AC: 22    Str: 20    XL:     5   Next: 24%
Magic:  5/5        EV:  1    Int: 13    God:
Gold:   206        SH:  9    Dex: 10    Spells: 4/4 levels left

rFire    . . .     SeeInvis +   a - +0 long sword
rCold    . . .     Gourm    .   c - +0 shield
rNeg     + + +     Faith    .   (armour currently unavailable)
rPois    +         Spirit   .   (helmet currently unavailable)
rElec    .         Reflect  .   (cloak currently unavailable)
rCorr    .         Harm     .   (gloves currently unavailable)
MR       .....     NoTele   +   (no barding)
Stlth    +.........             (no amulet)
HPRegen  0.22/turn              (no ring)
MPRegen  0.09/turn              (no ring)

@: brilliant, tree-form
A: large, see invisible, slow metabolism 1, spit poison 1, AC +1
a: Spit Poison


You were on level 4 of the Dungeon.
You were hungry.
You were a tree.
You visited 1 branch of the dungeon, and saw 4 of its levels.

You collected 206 gold pieces.

Inventory:

Hand Weapons
 a - a +0 long sword (weapon)
Missiles
 g - 2 needles of sleeping
 n - 129 stones (quivered)
Armour
 b - a +0 scale mail (melded)
 c - a +0 shield (worn)
 o - a +0 pair of gloves (melded)
 r - a +0 helmet (melded)
Scrolls
 d - a scroll of identify
 k - 4 scrolls of remove curse
 l - 3 scrolls of teleportation
 q - 2 scrolls of amnesia
Potions
 e - 2 potions of degeneration
 h - a potion of berserk rage
Comestibles
 f - 6 rations


   Skills:
 + Level 3.6 Fighting
 * Level 3.3 Long Blades
 + Level 3.1 Armour
 * Level 3.1 Shields


You had 4 spell levels left.
You didn't know any spells.
Your spell library was empty.

Dungeon Overview and Level Annotations

Branches:
Dungeon (4/15)
 Temple: D:4-7

Altars:
Fedhas
Qazlal
Sif Muna


Innate Abilities, Weirdness & Mutations

You cannot wear boots.
((Your serpentine skin is tough. (AC +1)))
You have supernaturally acute eyesight. (SInv)
((Armour fits poorly on your strangely shaped body.))
((Your system is resistant to poisons. (rPois)))
((You cover ground very slowly.))
You have a slow metabolism.
You can spit poison.


Message History

The orc wizard gestures at you while chanting.
The magic dart hits you!
You closely miss the orc priest.
The orc priest is heavily wounded.
You block the orc priest's attack.
You barely miss the orc priest.
The orc priest is heavily wounded.
The orc wizard hits you but does no damage.
You block the orc priest's attack.
The orc wizard hits you but does no damage.
You closely miss the orc priest.
The orc priest is heavily wounded.
The orc wizard is no longer moving quickly.
The orc wizard gestures at you while chanting.
The magic dart hits you!
* * * LOW HITPOINT WARNING * * *
The orc priest hits you but does no damage.
The orc wizard gestures at you while chanting.
The magic dart hits you!
You die...

#.# .## #.# .... # #.#
.... #.#######.#.o...
....?.#.#... . ........
...
#######.##.#######...##
#.......)....)o♣ooo...#
#.####....##########..#
###.........
#<..........
###.........#
###...#.#.# .....(..#
#...#).. ......$


You could see an orc priest, an orc wizard and 2 orcs.

Vanquished Creatures
  An orc priest (D:3)
  A worker ant (D:4)
  2 oozes
  A worm (D:2)
  A dart slug (D:1)
  5 leopard geckos
  9 orcs
  8 bats
  2 giant cockroaches
  10 hobgoblins
  2 jackals (D:2)
  A quokka (D:2)
  2 ball pythons
  4 frilled lizards
  2 goblins
  3 kobolds
  11 rats
65 creatures vanquished.

Notes
Turn   | Place    | Note
-------+----------+-------------------------------------------
     0 | D:1      | Lucibear the Naga Fighter began the quest for the Orb.
     0 | D:1      | Reached XP level 1. HP: 21/21 MP: 1/1
   145 | D:1      | Reached XP level 2. HP: 28/28 MP: 2/2
   363 | D:1      | Reached XP level 3. HP: 28/34 MP: 3/3
   607 | D:2      | Found a deep blue altar of Sif Muna.
   680 | D:2      | Found a stormy altar of Qazlal.
   682 | D:2      | Found a blossoming altar of Fedhas.
  1073 | D:2      | Reached XP level 4. HP: 32/42 MP: 4/4
  1358 | D:2      | Found a deep blue altar of Sif Muna.
  1775 | D:3      | Noticed a phantom
  1815 | D:3      | Noticed an ogre
  1875 | D:4      | Reached XP level 5. HP: 23/49 MP: 5/5
  1891 | D:4      | HP: 3/73 [orc priest/divine providence (11)]
  1897 | D:4      | HP: 4/73 [orc priest/flail (2)]
  1901 | D:4      | Killed from afar by an orc wizard

Vault maps used:
D:1:      matt_arrival_spirals
D:2:      grunt_temple_overflow_forces_of_nature, lemuel_blue_sif_altar,
          minmay_tree_intersection, kennysheep_pointless_box, minmay_hexomino_r4
D:3:      nemelex_altar_shiori, first_ration, gup_sewer_entry_pipe,
          kennysheep_potato
D:4:      kennysheep_mini, minmay_temple_entry_large_hall, minivault_23,
          hangedman_decor_lopped

Skill      XL: |  1  2  3  4 |
---------------+-------------+-----
Armour         | 3 |  3.1
Long Blades    | 3 |  3.3
Shields        | 3 |  3.1
Fighting       | |  3.6

Action                   |  1- 3 |  4- 6 || total
-------------------------+-------+-------++-------
Melee: Long sword        |   137 |   104 ||   241
 Abil: Spit Poison       |       |     1 ||     1
  Use: Scroll            |     7 |     2 ||     9
       Potion            |       |     3 ||     3
  Eat: Chunk             |       |     2 ||     2
Armor: Scale mail        |    80 |    34 ||   114
       Skin              |       |    23 ||    23
Dodge: Dodged            |    39 |    27 ||    66
Block: Shield            |    61 |    54 ||   115
       Rpst.: Long sword |    14 |     8 ||    22

Table legend:
 A = Spawn XP
 B = Non-spawn XP
 C = Spawn XP percentage of total XP
 D = Spawn monster count
 E = Non-spawn monster count
 F = Spawn count percentage of total count
 G = Total turns spent on level
                    A         B        C        D         E        F      G
               +---------+---------+-------+---------+---------+-------+---------
         Total |       0 |     203 |   0.0 |       0 |      65 |   0.0 |  1901
               +---------+---------+-------+---------+---------+-------+---------
           D:1 |       0 |      43 |   0.0 |       0 |      24 |   0.0 |   554
           D:2 |       0 |      40 |   0.0 |       0 |      22 |   0.0 |   880
           D:3 |       0 |      69 |   0.0 |       0 |      12 |   0.0 |   397
           D:4 |       0 |      51 |   0.0 |       0 |       7 |   0.0 |    70
               +---------+---------+-------+---------+---------+-------+---------
